 Dungeon Crawl Stone Soup version 0.32-a0-913-g739538afd8 (webtiles) character file.

Game seed: 12925218663557777667

359 yordle the Poker (level 6, 0/50 HPs)
             Began as a Merfolk Fighter on Mar 27, 2024.
             Was an Initiate of Gozag.
             Slain by an orc
             ... wielding a +0 mace
              (3 damage)
             ... on level 4 of the Dungeon on Apr 9, 2024.
             The game lasted 00:06:53 (2802 turns).

yordle the Poker (Merfolk Fighter)                  Turns: 2802, Time: 00:06:55

Health: 0/50       AC:  6    Str: 18    XL:     6   Next: 65%
Magic:  6/6        EV:  9    Int:  7    God:    Gozag
Gold:   253        SH:  4    Dex: 14    Spells: 5/5 levels left

rFire   . . .        a - +0 trident
rCold   + . .        c - +0 buckler
rNeg    + . .        b - +0 scale mail
rPois   .            (no helmet)
rElec   .            (no cloak)
rCorr   .            (no gloves)
SInv    .            (no boots)
Will    .....        (no amulet) Stlth
                     i - ring of positive energy
HPRegen 0.28/turn    j - ring of protection from cold
MPRegen 0.10/turn

%: no passive effects
@: mighty, gold aura, attractive
A: (nimble swimmer 2), mertail
a: Renounce Religion, Potion Petition, Call Merchant, Bribe Branch


You were on level 4 of the Dungeon.
You worshipped Gozag.
Gozag was aware of your devotion.
You visited 1 branch of the dungeon, and saw 4 of its levels.

You collected 303 gold pieces.
You paid 50 gold pieces to Gozag.

Inventory:

Hand Weapons
 a - a +0 trident (weapon)
Armour
 b - a +0 scale mail (worn)
 c - a +0 buckler (worn)
Jewellery
 f - an amulet of faith
 i - a ring of positive energy (left hand)
 j - a ring of protection from cold (right hand)
Scrolls
 m - a scroll of poison
Potions
 d - a potion of might
 e - a potion of invisibility
 l - a potion of haste


   Skills:
 * Level 4.9 Fighting
 + Level 4.9 Polearms
 + Level 3.5 Armour
 + Level 2.0 Dodging
 + Level 0.2 Stealth
 + Level 3.6 Shields


You had 5 spell levels left.
You didn't know any spells.
Your spell library contained the following spells:

 Spells                   Type           Power      Damage    Failure   Level
 Magic Dart               Conj           0%         1d3       88%         1
 Blink                    Tloc           0%         N/A       95%         2
 Call Imp                 Summ           0%         N/A       95%         2


Dungeon Overview and Level Annotations

Branches:
Dungeon (4/15)
 Temple: D:4-7

Altars:
Fedhas
Gozag
Hepliaklqana
Xom


Innate Abilities, Weirdness & Mutations

((You are very nimble when in or above water. (Stealth+, EV+, Speed+++)))
Your lower body shifts to a powerful aquatic tail in water.


Message History

The gnoll hits you from afar with a +0 spear.
Something hits you but does no damage. The orc hits you but does no damage.
You puncture the orc!
You kill the orc!
The gnoll hits you with a +0 flail.
* * * LOW HITPOINT WARNING * * *
The orc barely misses you. You block the gnoll's attack. Something hits you.
* * * LOW HITPOINT WARNING * * *
The orc hits you but does no damage.
You puncture the gnoll!
The gnoll is almost dead.
The gnoll closely misses you. The orc barely misses you.
The gnoll barely misses you. Something hits you.
* * * LOW HITPOINT WARNING * * *
The orc hits you but does no damage.
You barely miss the gnoll.
The gnoll is almost dead.
The orc barely misses you. The gnoll barely misses you.
The gnoll hits you with a +0 flail.
* * * LOW HITPOINT WARNING * * *
Something hits you but does no damage.
The orc is distracted by your dazzling golden aura.
The orc shouts!
You puncture the gnoll!
You kill the gnoll!
You block the orc's attack.
The gnoll is distracted by your dazzling golden aura.
Something hits you but does no damage. The orc hits you but does no damage.
You closely miss the orc.
The orc is no longer distracted by gold.
The orc hits you with a +0 falchion.
* * * LOW HITPOINT WARNING * * *
The orc hits you but does no damage.
It was a potion of attraction.
You feel attractive to monsters.
The gnoll is no longer distracted by gold.
The orc is distracted by your dazzling golden aura.
You block the gnoll's attack. The orc hits you with a +0 mace.
You die...
Your body crumbles into a pile of gold.

############
#..........#
#..........#
#..........#
#........<.#
#......#####
#......#
#...$..#
#..@o..#
#.${o..#
#..g...#
#......#
........#
.........#
..........#
..........#


You could see a gnoll and 2 orcs.

Vanquished Creatures
  A black bear (D:3)
  A scorpion (D:4)
  Terence (D:3)
  Natasha (thrice) (D:3)
  3 gnolls (D:4)
  3 adders
  2 dart slugs
  2 orcs
  6 ball pythons
  6 endoplasms
  4 giant cockroaches
  3 goblins
  6 hobgoblins
  4 kobolds
  2 quokkas
  7 bats
  4 frilled lizards
  2 rats
60 creatures vanquished.

Notes
Turn   | Place    | Note
-------+----------+-------------------------------------------
     0 | D:1      | yordle the Merfolk Fighter began the quest for the Orb.
     0 | D:1      | Reached XP level 1. HP: 18/18 MP: 1/1
   185 | D:1      | Reached XP level 2. HP: 21/24 MP: 2/2
   596 | D:1      | Upgraded the game from 0.32-a0-841-g4648e6c457 to
                  | 0.32-a0-913-g739538afd8
   614 | D:1      | Reached XP level 3. HP: 21/30 MP: 3/3
  1093 | D:2      | Found a hazy altar of Hepliaklqana.
  1109 | D:2      | Reached XP level 4. HP: 37/37 MP: 4/4
  1400 | D:3      | Found an opulent altar of Gozag.
  1408 | D:3      | Became a worshipper of Gozag Ym Sagoz the Greedy
  1424 | D:3      | Noticed Natasha
  1434 | D:3      | Killed Natasha
  1458 | D:3      | Noticed Natasha
  1467 | D:3      | Killed Natasha
  1468 | D:3      | Reached XP level 5. HP: 28/42 MP: 5/5
  1646 | D:3      | Reached skill level 1 in Dodging
  1698 | D:3      | Noticed Terence
  1706 | D:3      | Killed Terence
  1888 | D:3      | Noticed Natasha
  1905 | D:3      | HP: 1/42 [cerulean imp/+0 spear[Natasha] (2)]
  1906 | D:3      | Killed Natasha
  2409 | D:3      | Found a shimmering altar of Xom.
  2409 | D:3      | Noticed a black bear
  2423 | D:3      | Killed a black bear
  2424 | D:3      | Reached XP level 6. HP: 40/49 MP: 6/6
  2463 | D:3      | Found a blossoming altar of Fedhas.
  2802 | D:4      | Slain by an orc

Illustrated notes

Levels and vault maps discovered:
D:1:      dpeg_arrival_lava_temple_mockup, layout_basic,
          chequers_serial_rivers_room_a, hangedman_decor_riveting
D:2:      layout_loops_ring, basic_altar
D:3:      layout_loops_corners, nicolae_gozag_cash_rules_everything_around_me,
          jmf_multi_god_temple2, uniq_natasha, uniq_terence
D:4:      layout_gridville, minmay_goblin_outpost

Skill      XL: |  1  2  3  4  5  6 |
---------------+-------------------+-----
Polearms       | 3 4 |  4.9
Fighting       | 4 |  4.9
Armour         | 3 |  3.5
Dodging        | 1 2 |  2.0
Stealth        | |  0.2
Shields        | |  3.6

Action                     |  1- 3 |  4- 6 || total
---------------------------+-------+-------++-------
  Melee: Trident           |   107 |   103 ||   210
    Use: Scroll            |     1 |     6 ||     7
         Potion            |       |    10 ||    10
 Armour: Scale mail        |   111 |   129 ||   240
  Dodge: Dodged            |    59 |    68 ||   127
  Block: Buckler           |    31 |    44 ||    75

Table legend: (Time is in decaauts)
 A = Elapsed time spent in this place.
 B = Non-inter-level travel time spent in this place.
 C = Inter-level travel time spent in this place.
 D = Time resting spent in this place.
 E = Time spent auto-exploring this place.
 F = Levels seen in this place.
 G = Mean time per level.
                   A        B        C        D        E       F      G
               +--------+--------+--------+--------+--------+-----+--------+
         Total |   2840 |   2729 |    111 |    100 |   2131 |   4 |  710.0 |
       Dungeon |   2840 |   2729 |    111 |    100 |   2131 |   4 |  710.0 |
               +--------+--------+--------+--------+--------+-----+--------+

Top non-repeatable levels by time:
     D:3: 1403 daAuts
     D:1: 744 daAuts
     D:2: 628 daAuts
     D:4: 63 daAuts
